 Dungeon Crawl Stone Soup version 0.20.1-1-g8b1a95d66d (webtiles) character file.

1083 nevnev the Chopper (level 8, -2/73 HPs)
             Began as a Tengu Berserker on Jan 3, 2018.
             Was a Priest of Trog.
             Slain by a hippogriff (4 damage)
             ... on level 7 of the Dungeon.
             The game lasted 00:43:22 (5487 turns).

nevnev the Chopper (Tengu Berserker)                Turns: 5487, Time: 00:43:22

Health: -2/73      AC:  0    Str: 24    XL:     8   Next: 30%
Magic:  9/9        EV: 12    Int:  8    God:    Trog [***...]
Gold:   193        SH:  0    Dex: 14    Spells: 7/7 levels left

rFire    . . .     SeeInvis .   a - +1 hand axe
rCold    . . .     Gourm    .   (no shield)
rNeg     . . .     Faith    +   s - +0 scale mail
rPois    .         Spirit   .   (helmet restricted)
rElec    .         Reflect  .   (no cloak)
rCorr    .         Harm     .   (no gloves)
MR       .....                  (boots unavailable)
Stlth    ..........             e - amulet of faith
Regen    0.3/turn               (no ring)
MPRegen  0.2/turn               h - ring of flight

@: berserking (expiring), corroded, very quick
A: beak, talons 3, able to fly 1
a: Fly, Berserk, Trog's Hand, Burn Spellbooks, Renounce Religion, Evoke Flight


You were on level 7 of the Dungeon.
You worshipped Trog.
Trog was most pleased with you.
You were near starving.

You visited 2 branches of the dungeon, and saw 8 of its levels.

You collected 193 gold pieces.

Inventory:

Hand Weapons
 a - a +1 hand axe (weapon)
 b - a +0 shortbow
 i - a +0 hand axe
Missiles
 c - 32 arrows
 f - 40 bolts
 k - 5 javelins of returning
 n - 4 tomahawks
 t - 17 sling bullets
 v - 10 poisoned needles (quivered)
Armour
 s - a +0 scale mail (worn)
Jewellery
 e - an amulet of faith (around neck)
 h - a ring of flight (right hand)
Scrolls
 j - 2 scrolls of remove curse
 x - a scroll of blinking
Potions
 d - a potion of invisibility
 g - a potion of flight
 l - 2 potions of berserk rage
 u - a potion of might {unknown}
 w - a potion of magic {unknown}
 A - 3 potions of lignification {unknown}


   Skills:
 + Level 5.2 Fighting
 + Level 7.6 Axes
 + Level 5.4 Armour
 + Level 4.0 Dodging
 + Level 1.0 Stealth


You had 7 spell levels left.
You didn't know any spells.

Dungeon Overview and Level Annotations

Branches:
Dungeon (7/15)             Temple (1/1) D:6

Altars:
Ashenzari
Cheibriados
Dithmenos
Fedhas
Gozag
Hepliaklqana
Kikubaaqudgha
Makhleb
Nemelex Xobeh
Okawaru
Qazlal
Ru
Sif Muna
Trog
Vehumet
Xom
Zin


Innate Abilities, Weirdness & Mutations

You have a beak for a mouth.
You have claws for feet.
You can fly.


Message History

The hippogriff barely misses you. The hippogriff claws you!
* * * LOW HITPOINT WARNING * * *
Drop what? 20/52 slots (_ for help) (? for menu, Esc to quit)
Okay, then.
You are too berserk!
You barely miss the hippogriff. Your kick misses the hippogriff.
The hippogriff is moderately wounded.
You slice the hippogriff!! You peck the hippogriff.
The hippogriff is severely wounded.
The hippogriff barely misses you. x2; The hippogriff claws you.
* * * LOW HITPOINT WARNING * * *
Drop what? 20/52 slots (_ for help) (? for menu, Esc to quit)
Okay, then.
You are too berserk!
You barely miss the hippogriff. You claw the hippogriff.
The hippogriff is severely wounded.
The hippogriff bites you.
* * * LOW HITPOINT WARNING * * *
The hippogriff pecks you.
You die...

#...........#
#...........#
#..........$# ###########
#...........# ..........#
#...........# ..........#
#...........# .......>..+
+.....?......
..........###...†.......#
................@H.......
..........###############
.....###### .....######
..........# ..........#
####......# #......#
#......+


You could see a hippogriff.

Vanquished Creatures
  A phantom (D:4)
  A centaur (D:6)
  2 ogres
  2 bullfrogs
  2 howler monkeys (D:4)
  An orc priest (D:4)
  A hound (D:7)
  A jelly (D:7)
  3 orc wizards
  A bullfrog skeleton (D:5)
  2 iguanas
  Terence (D:3)
  4 worker ants
  A hound skeleton (D:6)
  6 adders
  A shadow imp (D:7)
  An ooze (D:1)
  An adder zombie (D:5)
  2 worms
  4 dart slugs
  3 leopard geckos
  13 orcs
  5 bats
  7 giant cockroaches
  5 goblins (D:1)
  6 hobgoblins
  7 jackals
  A kobold (D:1)
  2 frilled lizards (D:4)
  6 rats
93 creatures vanquished.

Notes
Turn   | Place    | Note
-------+----------+-------------------------------------------
     0 | D:1      | nevnev the Tengu Berserker began the quest for the Orb.
     0 | D:1      | Reached XP level 1. HP: 14/14 MP: 2/2
   118 | D:1      | Reached XP level 2. HP: 19/19 MP: 3/3
   428 | D:1      | Reached XP level 3. HP: 15/23 MP: 4/4
   940 | D:2      | Reached skill level 4 in Axes
   966 | D:2      | Reached ** piety under Trog
  1000 | D:2      | Found a shadowy altar of Dithmenos.
  1104 | D:2      | Reached XP level 4. HP: 28/29 MP: 5/5
  1288 | D:3      | Noticed Terence
  1297 | D:3      | Killed Terence
  1830 | D:3      | Gained mutation: You can fly. [Tengu growth]
  1830 | D:3      | Reached XP level 5. HP: 20/33 MP: 6/6
  2291 | D:4      | Noticed a phantom
  2312 | D:4      | Killed a phantom
  2312 | D:4      | Reached skill level 5 in Axes
  2381 | D:4      | Reached XP level 6. HP: 13/39 MP: 7/7
  2728 | D:4      | HP: 1/39 [orc priest/flail (9)]
  3113 | D:4      | Reached *** piety under Trog
  3369 | D:4      | Reached skill level 6 in Axes
  3369 | D:4      | Reached XP level 7. HP: 37/44 MP: 8/8
  3512 | D:5      | Entered Level 5 of the Dungeon
  4327 | D:6      | Reached skill level 7 in Axes
  4690 | D:6      | Found a staircase to the Ecumenical Temple.
  4708 | Temple   | Entered the Ecumenical Temple
  4963 | D:6      | Reached skill level 5 in Fighting
  4963 | D:6      | Reached XP level 8. HP: 49/49 MP: 9/9
  5011 | D:6      | Reached skill level 1 in Stealth
  5374 | D:7      | Reached skill level 5 in Armour
  5405 | D:7      | Found a sparkling altar of Nemelex Xobeh.
  5473 | D:7      | Noticed a hippogriff
  5487 | D:7      | HP: 2/73 [hippogriff (5)]
  5487 | D:7      | Slain by a hippogriff

Skill      XL: |  1  2  3  4  5  6  7  8 |
---------------+-------------------------+-----
Axes           | 4 5 6 7 |  7.6
Fighting       | 4 5 |  5.2
Armour         | 3 4 5 |  5.4
Dodging        | 3 4 |  4.0
Stealth        | 1 |  1.0

Action                   |  1- 3 |  4- 6 |  7- 9 || total
-------------------------+-------+-------+-------++-------
Melee: Hand axe          |    61 |    89 |    83 ||   233
       Kick              |    15 |    29 |    33 ||    77
       Peck              |     8 |    19 |    15 ||    42
Throw: Stone             |     2 |       |       ||     2
Invok: Berserk           |       |     4 |     5 ||     9
       Trog's Hand       |       |     1 |       ||     1
 Abil: Fly               |       |       |     1 ||     1
  Use: Scroll            |     1 |     8 |     2 ||    11
       Potion            |       |       |     2 ||     2
  Eat: Bread ration      |     1 |     1 |     1 ||     3
       Royal jelly       |       |     1 |       ||     1
       Meat ration       |       |     1 |       ||     1
       Chunk             |       |       |     1 ||     1
Armor: Leather armour    |    33 |     2 |       ||    35
       Scale mail        |       |    33 |    23 ||    56
Dodge: Dodged            |    78 |    56 |    48 ||   182
